Map: Ulrena

Players

Sedlin

  • Race: Zerg Zerg

lesha - Winner!

  • Race: Terran Terran
  • League: Silver

VOD

Have the link to the VOD?

Description

Time

  • Played on: Jan. 4, 2016, 9:08 a.m.
  • Length: 9:42
Show
View Real Time Build Order
Export as new Build Order

Sedlin Zerg 

Build Orders: Pool First 

Get SALT Encoding   

  12  0:05  Drone  
  13  0:14  Overlord  
  13  0:20  Drone  
  14  0:25  Overlord  
  14  0:37  Drone  
  14  0:40  Drone  
  16  0:51  Spawning Pool  
  16  0:53  Drone  
  16  1:09  Overlord  
  16  1:28  Extractor  
  16  1:30  Overlord  
  15  1:33  Drone  
  15  1:37  Queen  
  18  1:41  Zergling x2  
  18  1:46  Extractor  
  18  1:47  Drone  
  19  1:53  Zergling x2  
  20  2:05  Drone  
  21  2:13  Queen  
  21  2:15  Zergling x2  
  24  2:28  Zergling x2  
  25  2:31  Hatchery  
  24  2:42  Zergling x2  
  25  3:00  Drone x2  
  25  3:01  Roach Warren  
  25  3:03  Drone  
  27  3:23  Zergling x2  
  29  3:27  Drone  
  29  3:31  Drone x3  
  32  3:47  Roach  
  34  3:49  Overlord  
  34  3:57  Roach x3  
  34  3:58  Roach  
  34  4:00  Drone  
  43  4:08  Lair  
  43  4:12  Drone  
  43  4:16  Extractor  
  43  4:18  Roach  
  43  4:19  Roach  
  43  4:21  Roach  
  49  4:35  Drone  
  50  4:43  Drone  
  51  4:47  Roach  
  51  4:48  Roach x2  
  59  5:00  Roach  
  59  5:03  Overlord  
  59  5:04  Overlord x2  
  59  5:05  Overlord  
  59  5:21  Spire  
  59  5:27  Drone x3  
  61  5:30  Drone x2  
  61  5:31  Drone  
  64  5:36  Drone  
  64  5:37  Drone  
  64  5:39  Drone  
  67  5:55  Roach  
  67  5:56  Roach x2  
  73  6:07  Drone  
  73  6:10  Drone  
  75  6:13  Drone  
  78  6:18  Roach, Extractor  
  78  6:19  Roach x2  
  78  6:21  Roach  
  78  6:22  Roach x2  
  87  6:26  Roach  
  87  6:28  Roach  
  91  6:34  Overlord  
  91  6:38  Overlord  
  86  7:04  Mutalisk x3  
  86  7:06  Mutalisk x2  
  96  7:17  Drone  
  97  7:25  Drone x2  
  97  7:27  Drone x2  
  97  7:51  Mutalisk x3  
  97  7:52  Mutalisk  
  68  8:17  Hatchery, Mutalisk x4  
  69  8:20  Roach x3  
  75  8:29  Roach x2  
  75  8:30  Roach x2  
  75  8:31  Roach  
  85  8:52  Mutalisk  
  85  8:53  Mutalisk  
  89  8:59  Roach x3  
  89  9:00  Roach  
  97  9:04  Extractor  
  97  9:06  Extractor  
  97  9:07  Roach  
  97  9:08  Roach  
Show
View Real Time Build Order
Export as new Build Order

lesha Terran - Winner!

Build Orders: Reaper Expand, MMM Bio 

Get SALT Encoding   

  12  0:01  SCV  
  13  0:13  SCV  
  14  0:19  Supply Depot  
  14  0:25  SCV  
  15  0:41  SCV  
  16  0:43  Barracks  
  16  0:51  Refinery  
  16  0:55  SCV  
  17  1:07  SCV  
  18  1:19  SCV  
  19  1:33  Orbital Command  
  19  1:34  Reaper  
  20  1:46  Supply Depot  
  20  1:51  Refinery  
  20  2:02  Command Center  
  20  2:03  SCV  
  21  2:13  Barracks Reactor  
  21  2:24  Barracks  
  21  2:29  Factory  
  21  2:50  Marine x2  
  23  2:59  SCV  
  24  3:11  SCV, Marine x2  
  27  3:15  Barracks Reactor  
  27  3:17  Factory Reactor  
  27  3:21  Orbital Command  
  27  3:32  Barracks  
  27  3:35  SCV  
  28  3:41  Starport  
  28  3:47  SCV  
  29  3:57  Orbital Command  
  29  4:09  Bunker  
  29  4:10  SCV  
  29  4:12  Supply Depot  
  30  4:19  Engineering Bay  
  30  4:22  SCV  
  31  4:26  SCV  
  31  4:27  Marine x2  
  31  4:28  Marine  
  31  4:30  Barracks Tech Lab  
  35  4:32  Starport Reactor  
  35  4:34  SCV  
  35  4:37  Supply Depot, Marine  
  37  4:38  SCV  
  37  4:39  Hellion  
  37  4:42  Hellion  
  42  4:55  SCV x2  
  44  5:00  Marine x3  
  44  5:01  Marine  
  48  5:07  SCV x2  
  48  5:12  Marine  
  51  5:14  Medivac  
  51  5:15  Medivac  
  51  5:16  Stimpack  
  51  5:18  Marine  
  51  5:19  SCV x2  
  51  5:21  Terran Infantry Weapons Level 1  
  58  5:26  Refinery  
  58  5:29  Marine  
  58  5:30  Marine x2  
  58  5:31  SCV  
  62  5:52  Barracks  
  62  5:54  Barracks  
  62  5:59  Supply Depot x2  
  62  6:02  Engineering Bay  
  62  6:03  Supply Depot  
  62  6:20  SCV, Marine x4  
  62  6:21  Marauder  
  69  6:32  Medivac x2  
  73  6:38  Marine x2  
  70  7:01  Missile Turret  
  70  7:05  Missile Turret  
  70  7:07  Missile Turret  
  70  7:08  Terran Infantry Armor Level 1  
  70  7:10  Missile Turret  
  70  7:15  Armory  
  70  7:19  Barracks Tech Lab  
  70  7:20  Combat Shields  
  70  7:21  Factory Tech Lab  
  70  7:22  Marine x4  
  72  7:24  Medivac x2  
  72  7:26  Marine x2  
  72  7:28  Marauder  
  82  7:39  SCV x2  
  83  7:44  Refinery  
  81  7:51  SCV x2  
  73  8:08  Marine x4  
  73  8:09  Marauder x2  
  73  8:10  Marine x2  
  73  8:11  Medivac x2  
  81  8:23  SCV x2  
  81  8:26  Marine x3  
  86  8:30  Command Center  
  86  8:38  SCV x2, Marauder  
  86  8:40  Marine x4  
  94  8:43  Supply Depot  
  94  8:44  Marine x2  
  94  8:45  Marine  
  94  8:46  Supply Depot x2  
  94  8:48  Supply Depot  
  97  8:50  SCV x2  
  99  8:58  Marine x2  
  96  9:21  Marine x7  
  96  9:22  Marine  
Tags
 
Composition
MMM Bio
League
Silver
Matchup
TvZ
Add a new tag
Caveats
  • Supply blocks, unpowered buildings, or Contaminate may cause inaccurate times.
  • Supply counts are checked every 10 seconds.